 Dungeon Crawl Stone Soup version 0.30.1-4-g462c640d31 (webtiles) character file.

Game seed: 17711692116459315509

406 Descartes the Magician (level 7, -3/49 HPs)
             Began as a Djinni Ice Elementalist on Aug 13, 2023.
             Killed from afar by a white imp (15 damage)
             ... with a puff of frost
             ... on level 5 of the Dungeon.
             The game lasted 00:08:22 (3532 turns).

Descartes the Magician (Djinni Ice Elementalist)    Turns: 3532, Time: 00:08:22

Health: -3/49      AC:  2    Str:  9    XL:     7   Next: 12%
Gold:   218        EV: 13    Int: 16    God:
                   SH:  0    Dex: 14

rFire   + + .        c - +0 whip
rCold   x . .        (no shield)
rNeg    . . .        a - +0 robe
rPois   ∞            (no helmet)
rElec   .            (no cloak)
rCorr   .            (no gloves)
SInv    +            (boots unavailable)
Will    .....        (no amulet)
Stlth   ++           n - ring of see invisible
HPRegen 0.28/turn    (no ring)
MPRegen 0.00/turn

%: infuse magic (-4 HP)
@: flying
A: sickness immunity, fire resistance 2, cold vulnerability 1, float, innate
caster, HP casting, extra vitality 1
a: no special abilities


You were on level 5 of the Dungeon.
You visited 1 branch of the dungeon, and saw 5 of its levels.

You collected 218 gold pieces.

Inventory:

Hand Weapons
 c - a +0 whip (weapon)
Missiles
 j - 16 poisoned darts
Armour
 a - a +0 robe (worn)
Jewellery
 n - a ring of see invisible (left hand)
Scrolls
 b - 4 scrolls of teleportation
 d - a scroll of enchant armour {unknown}
 f - 2 scrolls of immolation
 h - a scroll of blinking {unknown}
 m - a scroll of amnesia {unknown}
 q - 2 scrolls of fear
 r - a scroll of fog {unknown}
 t - a scroll of poison {unknown}
 u - a scroll of enchant weapon {unknown}
Potions
 e - a potion of haste {unknown}
 g - a potion of attraction {unknown}
 i - a potion of degeneration {unknown}
 l - a potion of might {unknown}
 o - 2 potions of heal wounds {unknown}
 p - 2 potions of ambrosia {unknown}
 s - a potion of lignification {unknown}


   Skills:
 + Level 2.8 Fighting
 + Level 4.0 Dodging
 - Level 1.5 Stealth
 * Level 4.6 Spellcasting
 + Level 2.6 Invocations


You knew the following spells:

 Your Spells              Type           Power      Damage    Failure   Level
a - Freeze                Ice            72%        1d8       2%          1
b - Frozen Ramparts       Ice            36%        1d6       7%          3
c - Ozocubu's Armour      Ice            18%        N/A       7%          3
d - Summon Ice Beast      Ice/Summ       18%        N/A       24%         4
e - Necrotise             Necr           72%        1d7       2%          1
f - Scorch                Fire           36%        2d6       3%          2
g - Wereblood             Tmut           18%        N/A       3%          2
Your spell library was empty.

Dungeon Overview and Level Annotations

Branches:
Dungeon (5/15)
 Temple: D:4-7

Altars:


Innate Abilities, Weirdness & Mutations

You are immune to sickness and miasma.
You are immune to poison.
Your flesh is very heat resistant. (rF++)
You are vulnerable to cold. (rC-)
You float through the air rather than walking.
You learn spells naturally, not from books.
Your magical power is your life essence.
You have superior vitality. (+4 MHP)


Message History

You kill the orc!
Things that are here:
a +0 short sword; an orc corpse You now have 218 gold pieces (gained 14).
A white imp comes into view.
A white imp is nearby!
The white imp shouts!
You hear a shout!
The white imp gestures at you. The puff of frost hits you!
You feel a terrible chill!
An orc comes into view. It is wielding a +0 club.
An orc comes into view. It is wielding a +0 whip.
Found a dagger.
The orc moves out of view.
An orc comes into view. It is wielding a +0 trident.
The white imp gestures at you. The puff of frost misses you.
The orc moves out of view.
A jelly comes into view.
The white imp gestures at you. The puff of frost hits you!
You feel a terrible chill!
Casting: Freeze (safe; 2% risk of failure)
Confirm with . or Enter, or press ? or * to list all spells.
Aiming: Freeze (safe; 2% risk of failure)
Press: ? - help, Shift-Dir - straight line, f - white imp
Aim: a white imp You freeze the white imp but do no damage.
The white imp completely resists.
The jelly quivers.
The white imp gestures at you. The puff of frost hits you!
You feel a terrible chill!
Casting: Freeze (safe; 2% risk of failure)
Confirm with . or Enter, or press ? or * to list all spells.
Aiming: Freeze (safe; 2% risk of failure)
Press: ? - help, Shift-Dir - straight line, f/p - white imp
Aim: a white imp You freeze the white imp.
The white imp resists.
The white imp is lightly wounded.
The white imp hits you. The white imp freezes you!
You feel a terrible chill!
* * * LOW HITPOINT WARNING * * *
The white imp gestures at you. The puff of frost hits you!
You feel a terrible chill!
You die...

#.# ♣... #.# ...
#.# ..# #.# #.#
#.# ##.# # .
##.####..##.#....
#.......5.ooJ♣
##..####.###.#..P.
##...## #@# .. P
#.....# #.# ..#
##...## #.# ##
##.## #.# #.# #.#
#.# #.### #.# #...
#.# #..# #.####
..#


You could see a white imp.

Vanquished Creatures
  2 ogres (D:4)
  A phantom (D:3)
  A hound (D:4)
  A sleepcap (D:4)
  6 adders
  A worm (D:3)
  2 dart slugs
  An orc (D:5)
  11 ball pythons
  10 endoplasms
  3 giant cockroaches
  4 goblins
  4 hobgoblins
  2 quokkas
  7 bats
  4 frilled lizards
  3 kobolds (D:1)
  2 rats
65 creatures vanquished.

Notes
Turn   | Place    | Note
-------+----------+-------------------------------------------
     0 | D:1      | Descartes the Djinni Ice Elementalist began the quest for
                  | the Orb.
     0 | D:1      | Descartes set off with the following spells memorised:
                  | Freeze, Frozen Ramparts, Ozocubu's Armour, Summon Ice
                  | Beast.
     0 | D:1      | Reached XP level 1. HP: 15/15 MP: 0/0
   216 | D:1      | Reached XP level 2. HP: 18/22 MP: 0/0
   571 | D:1      | Reached skill level 1 in Fighting
   765 | D:1      | Reached XP level 3. HP: 26/27 MP: 0/0
   765 | D:1      | Learned a level 1 spell: Necrotise
  1688 | D:3      | Reached XP level 4. HP: 28/32 MP: 0/0
  1725 | D:3      | Reached skill level 1 in Invocations
  1788 | D:3      | Noticed a phantom
  1820 | D:3      | Killed a phantom
  1821 | D:3      | Reached XP level 5. HP: 4/38 MP: 0/0
  1821 | D:3      | Learned a level 2 spell: Scorch
  2709 | D:4      | Noticed an ogre
  2719 | D:4      | Killed an ogre
  2720 | D:4      | Reached XP level 6. HP: 37/45 MP: 0/0
  2880 | D:4      | Noticed an ogre
  2887 | D:4      | Killed an ogre
  3212 | D:4      | Reached XP level 7. HP: 31/49 MP: 0/0
  3212 | D:4      | Learned a level 2 spell: Wereblood
  3437 | D:5      | Entered Level 5 of the Dungeon
  3532 | D:5      | Killed from afar by a white imp

Illustrated notes

Levels and vault maps discovered:
D:1:      minmay_arrival_stair_chambers, layout_loops_cross
D:2:      layout_loops_ring
D:3:      layout_loops_ring
D:4:      layout_basic
D:5:      layout_loops_ring, nicolae_dithmenos_through_a_glass_darkly,
          trog_three_pillars_becter, serial_demonic, serial_demonic_g,
          serial_demonic_b, serial_demonic_f, serial_demonic_e,
          serial_demonic_c, serial_demonic_g, serial_demonic_c, serial_shops,
          shop_fountains

Skill      XL: |  1  2  3  4  5  6  7 |
---------------+----------------------+-----
Fighting       | 1 2 |  2.8
Invocations    | 1 2 |  2.6
Dodging        | 3 4 |  4.0
Spellcasting   | 4 |  4.6
Stealth        | |  1.5

Action                     |  1- 3 |  4- 6 |  7- 9 || total
---------------------------+-------+-------+-------++-------
  Melee: Whip              |    10 |    38 |     2 ||    50
   Cast: Freeze            |    52 |    57 |    11 ||   120
         Frozen Ramparts   |       |     2 |       ||     2
         Scorch            |       |     6 |       ||     6
    Use: Scroll            |       |       |     3 ||     3
   Stab: Sleeping          |     2 |     1 |     1 ||     4
 Armour: Robe              |    18 |    14 |     1 ||    33
  Dodge: Dodged            |    18 |    62 |    12 ||    92
